Selects Luftwaffe Battlegroup
Selects Luftwaffe Pioneer Support
Fallschirmpioneer Squad Paradrop
Fallschirmpioneer Squad Paradrop
Fallschirmpioneer Squad Paradrop
Fallschirmpioneer Squad Paradrop
Construct Infanterie Kompanie
Selects Flak 38 Anti-Air Emplacement
Infanterie Officer Quarters
Selects Stuka Strafing Run
Construct Panzergrenadier Kompanie
Selects Flak 36 Anti-tank Gun Emplacement
Fallschirmpioneer Squad Paradrop
Construct Panzer Kompanie
Fallschirmpioneer Squad Paradrop
Selects Fallschirmjäger Squad Paradrop
Selects Fragmentation Bombs
Fallschirmpioneer Squad Paradrop
Fallschirmjäger Squad Paradrop
Fallschirmpioneer Squad Paradrop